 Dungeon Crawl Stone Soup version 0.28.0 (webtiles) character file.

Game seed: 3098515812726126674

24 mopl the Sneak (level 2, -2/20 HPs)
             Began as a Draconian Enchanter on Feb 14, 2022.
             Slain by a hobgoblin (3 damage)
             ... led by Robin
             ... on level 1 of the Dungeon.
             The game lasted 00:01:54 (1231 turns).

mopl the Sneak (Draconian Enchanter)                Turns: 1231, Time: 00:01:55

Health: -2/20      AC:  4    Str: 10    XL:     2   Next: 79%
Magic:  1/5        EV: 12    Int: 15    God:
Gold:   4          SH:  0    Dex: 11    Spells: 3/5 levels left

rFire   . . .      SeeInvis .   a - +1 dagger (protect)
rCold   . . .      Faith    .   (no shield)
rNeg    . . .      Spirit   .   (armour unavailable)
rPois   .          Reflect  .   (helmet restricted)
rElec   .          Harm     .   (no cloak)
rCorr   .          Rampage  .   (no gloves)
Will    .....                   (no boots)
Stlth   ++........              (no amulet)
HPRegen 0.06/turn               (no ring)
MPRegen 0.09/turn               (no ring)

@: invisible
A: AC +4, unfitting armour, cold-blooded
a: no special abilities


You were on level 1 of the Dungeon.
You visited 1 branch of the dungeon, and saw 2 of its levels.

You collected 4 gold pieces.

Inventory:

Hand Weapons
 a - a +1 dagger of protection (weapon)
Scrolls
 c - 2 scrolls of torment {unknown}
 d - a scroll of teleportation {unknown}
 e - 2 scrolls of immolation {unknown}
 h - a scroll of identify {unknown}
 i - a scroll of fog {unknown}
Potions
 f - a potion of brilliance {unknown}
 g - a potion of degeneration {unknown}


   Skills:
 + Level 1.4 Short Blades
 - Level 1.7 Dodging
 * Level 3.1 Stealth
 * Level 2.3 Spellcasting
 * Level 3.0 Hexes
 + Level 0.0 Ice Magic


You had 3 spell levels left.
You knew the following spells:

 Your Spells              Type           Power      Damage    Failure   Level
b - Ensorcelled Hibernat  Hex/Ice        12%        N/A       17%         2

Your spell library contained the following spells:

 Spells                   Type           Power      Damage    Failure   Level
 Confusing Touch          Hex            10%        N/A       19%         3
 Tukima's Dance           Hex            10%        N/A       19%         3
 Dazzling Flash           Conj/Hex       12%        N/A       34%         3


Dungeon Overview and Level Annotations

Branches:
Dungeon (2/15)

Altars:

Shops:
D:1 :

Annotations:
D:2 Robin


Innate Abilities, Weirdness & Mutations

Your plain brown scales are hard. (AC +4)
You cannot fit into any form of body armour.
You are cold-blooded and may be slowed by cold attacks.


Message History

a +0 club; a +1 dagger; a goblin skeleton
There is a stone staircase leading down here.
You climb downwards.
Level annotation: Robin The hobgoblin closely misses you.
The hobgoblin hits you but does no damage.
Robin roars a battlecry!
The hobgoblins go into a battle-frenzy!
The hobgoblin hits you.
The hobgoblin hits you but does no damage.
There is a stone staircase leading up, spattered with blood here.
The hobgoblin closely misses you. The hobgoblin hits you.
You climb upwards.
There is a stone staircase leading down here.
Unknown command.
Casting: Ensorcelled Hibernation (safe; 17% risk of failure)
Confirm with . or Enter, or press ? or * to list all spells.
Aiming: Ensorcelled Hibernation (safe; 17% risk of failure)
Press: ? - help, Shift-Dir - straight line, f - hobgoblin
Aim: a hobgoblin (strong, chance to affect: 57%)
The hobgoblin resists with significant effort.
The hobgoblin closely misses you. The hobgoblin hits you.
* * * LOW HITPOINT WARNING * * *
Unknown command.
Casting: Ensorcelled Hibernation (safe; 17% risk of failure)
Confirm with . or Enter, or press ? or * to list all spells.
Aiming: Ensorcelled Hibernation (safe; 17% risk of failure)
Press: ? - help, Shift-Dir - straight line, f/p - hobgoblin
Aim: a hobgoblin (strong, chance to affect: 57%)
The hobgoblin resists with significant effort.
The hobgoblin barely misses you. The hobgoblin hits you.
* * * LOW HITPOINT WARNING * * *
Casting: Ensorcelled Hibernation (safe; 17% risk of failure)
Confirm with . or Enter, or press ? or * to list all spells.
You don't have enough magic to cast this spell.
Unknown command.
You fade into invisibility!
The hobgoblin hits you but does no damage.
The hobgoblin hits you.
You die...

...>.....#.## #.#
#...... ...####.....#
#.##########.####
.#..........#
#......>.....#
.....######.#
###########..# .###.#
#.# #..# ## #.# #.#
#..# ## #.# #.# #..#
.# #.# #.###### #..#
## #.#
#....g@##########..# #
#.#
######g##..........###
#.# #.##.#######..#.##
#.# #.##.# #.≈.#.#
####.# #.##.# #.≈≈##.
..##.# #.##.# #.#≈≈##
#.##.# ###.##.# #.#.≈#
.....# #......#
#.##.## #..###
###.###..# #≈≈≈#.≈


You could see 2 hobgoblins.

Vanquished Creatures
  An adder (D:2)
  A dart slug (D:1)
  A giant cockroach (D:1)
  4 goblins (D:1)
  A kobold (D:1)
  2 ball pythons (D:1)
  2 bats (D:1)
  A rat (D:2)
13 creatures vanquished.

Notes
Turn   | Place    | Note
-------+----------+-------------------------------------------
     0 | D:1      | mopl the Draconian Enchanter began the quest for the Orb.
     0 | D:1      | Reached XP level 1. HP: 14/14 MP: 3/3
   148 | D:1      | You fall into a shaft and drop 1 floor!
   154 | D:2      | Reached XP level 2. HP: 14/20 MP: 5/5
   459 | D:1      | Found Dydin's Book Emporium.
   464 | D:1      | Reached skill level 3 in Stealth
   539 | D:1      | Learned a level 2 spell: Ensorcelled Hibernation
   941 | D:2      | Noticed Robin
  1052 | D:1      | Reached skill level 3 in Hexes
  1230 | D:1      | HP: 1/20 [hobgoblin[Robin] (2)]
  1231 | D:1      | Slain by a hobgoblin

Illustrated notes

Levels and vault maps discovered:
D:1:      tarquinn_simple_flora_water_f, layout_loops_ring, serial_rivers,
          chequers_serial_rivers_small_b, chequers_serial_rivers_micro_c,
          chequers_serial_rivers_room_a, chequers_serial_rivers_small_a,
          chequers_serial_rivers_small_b, serial_shops, nicolae_diamond_shop,
          corexii_corridor_pit, nicolae_concentric_dashed_squares_wild
D:2:      layout_loops_corners, uniq_crazy_yiuf_cottage, uniq_robin

Skill      XL: |  1  2 |
---------------+-------+-----
Stealth        | 3 |  3.1
Hexes          | 3 |  3.0
Short Blades   | |  1.4
Dodging        | |  1.7
Spellcasting   | |  2.3

Action                   || total
-------------------------++-------
Melee: Dagger            ||    50
       Tailslap          ||     2
       Punch             ||     1
 Cast: Ensorcelled Hiber ||     2
  Use: Potion            ||     1
 Stab: Sleeping          ||     2
Armor: Skin              ||    19
Dodge: Dodged            ||    29
